 Dungeon Crawl Stone Soup version 0.29-a0-1027-gcd8c55af63 (webtiles) character file.

Game seed: 316251783785188887

79 ragingrage the Chopper (level 4, 0/39 HPs)
             Began as a Minotaur Delver on Aug 13, 2022.
             Slain by a hound (4 damage)
             ... on level 4 of the Dungeon.
             The game lasted 00:00:29 (386 turns).

ragingrage the Chopper (Minotaur Delver)             Turns: 386, Time: 00:00:30

Health: 0/39       AC:  3    Str: 18    XL:     4   Next: 17%
Magic:  3/3        EV: 12    Int:  7    God:
Gold:   39         SH:  0    Dex: 12    Spells: 3/3 levels left

rFire   . . .      SeeInvis .   a - +0 hand axe
rCold   . . .      Faith    .   (no shield)
rNeg    . . .      Spirit   .   b - +0 leather armour
rPois   .          Reflect  .   (helmet restricted)
rElec   .          Harm     .   (no cloak)
rCorr   .          Rampage  .   (no gloves)
Will    .....                   (no boots)
Stlth   ++........              (no amulet)
HPRegen 0.13/turn               (no ring)
MPRegen 0.08/turn               (no ring)

@: hasted, very quick
A: horns 2, retaliatory headbutt
a: no special abilities


You were on level 4 of the Dungeon.
You visited 1 branch of the dungeon, and saw 2 of its levels.

You collected 39 gold pieces.

Inventory:

Hand Weapons
 a - a +0 hand axe (weapon)
Armour
 b - a +0 leather armour (worn)
Wands
 g - a wand of digging (3)
Scrolls
 c - a scroll of fog
 d - a scroll of magic mapping
 e - a scroll of fear


   Skills:
 - Level 3.6 Fighting
 + Level 5.4 Axes
 - Level 2.1 Dodging
 - Level 4.1 Stealth


You had 3 spell levels left.
You didn't know any spells.
Your spell library was empty.

Dungeon Overview and Level Annotations

Branches:
Dungeon (5/15)
 Temple: D:4-7

Altars:


Innate Abilities, Weirdness & Mutations

You have a pair of horns on your head.
You reflexively headbutt those who attack you in melee.


Message History

The bullfrog is severely wounded.
The bullfrog hits you.
The bullfrog hits you but does no damage.
You completely miss the bullfrog.
The bullfrog is severely wounded.
The bullfrog hits you but does no damage.
The bullfrog hits you.
You hit the bullfrog but do no damage.
The bullfrog is severely wounded.
The bullfrog hits you!
* * * LOW HITPOINT WARNING * * *
You feel yourself speed up.
The bullfrog hits you but does no damage.
The bullfrog closely misses you.
You hit the bullfrog.
The bullfrog is almost dead.
The bullfrog misses you.
You closely miss the bullfrog.
The bullfrog is almost dead.
The bullfrog hits you but does no damage.
The bullfrog hits you.
* * * LOW HITPOINT WARNING * * *
The bullfrog hits you.
* * * LOW HITPOINT WARNING * * *
You barely miss the bullfrog. You miss the bullfrog.
The bullfrog barely misses you. The bullfrog misses you.
The bullfrog attacks as you move away!
The bullfrog hits you but does no damage.
You hit the bullfrog.
You kill the bullfrog!
Your Axes skill gained 2 levels and is now at level 5!
You have reached level 3!
Your experience leads to an increase in your attributes!
Increase (S)trength, (I)ntelligence, or (D)exterity?
You feel stronger. x2
You have reached level 4!
You feel agile.
You completely miss the hound. Your punch misses the hound.
The hound bites you.
You die...

#### ...# #.##### .#.....#
####################
.#.....#######..................#
..........÷.>...................#
.#.....#####....##.##.##.##.#...#
...............###############..#
.......#.#....##@#.h# #...#
.........#####.†#h.#..# ##.##
...#####.#...)##..#..#..# #..#
.... ..........###############.#
.##. #######....##.##.##.##.#..#
. . ##..................# . .#
#...........########
##..........# #..........#


You could see a hound.

Vanquished Creatures
  A bullfrog (D:4)
  An adder (D:4)
  A dart slug (D:4)
  A hobgoblin (D:4)
  A kobold (D:4)
5 creatures vanquished.

Notes
Turn   | Place    | Note
-------+----------+-------------------------------------------
     0 | D:5      | ragingrage the Minotaur Delver began the quest for the Orb.
     0 | D:5      | Reached XP level 1. HP: 19/19 MP: 0/0
    11 | D:5      | Noticed an orc wizard
    30 | D:4      | Reached skill level 3 in Axes
    30 | D:4      | Reached XP level 2. HP: 9/26 MP: 1/1
   371 | D:4      | Noticed a bullfrog
   372 | D:4      | Noticed a bullfrog
   385 | D:4      | Killed a bullfrog
   386 | D:4      | Reached skill level 5 in Axes
   386 | D:4      | Reached XP level 3. HP: 3/31 MP: 2/2
   386 | D:4      | Reached XP level 4. HP: 4/39 MP: 3/3
   386 | D:4      | Slain by a hound

Illustrated notes

Levels and vault maps discovered:
D:4:      layout_basic, minmay_temple_entry_mist, minmay_manual_macuahuitl
D:5:      layout_basic, uniq_duvessa, uniq_prince_ribbit1, uniq_menkaure,
          uniq_grinder, uniq_ijyb

Skill      XL: |  1  2 |
---------------+-------+-----
Axes           | 3 5 |  5.4
Fighting       | |  3.6
Dodging        | |  2.1
Stealth        | |  4.1

Action                   |  1- 3 |  4- 6 || total
-------------------------+-------+-------++-------
Melee: Hand axe          |    30 |     1 ||    31
       Headbutt          |     2 |       ||     2
  Use: Potion            |     1 |       ||     1
Armor: Leather armour    |     9 |       ||     9
Dodge: Dodged            |    19 |       ||    19

Table legend: (Time is in decaauts)
 A = Elapsed time spent in this place.
 B = Non-inter-level travel time spent in this place.
 C = Inter-level travel time spent in this place.
 D = Time resting spent in this place.
 E = Time spent auto-exploring this place.
 F = Levels seen in this place.
 G = Mean time per level.
                   A        B        C        D        E       F      G
               +--------+--------+--------+--------+--------+-----+--------+
         Total |    387 |    378 |      9 |    245 |     58 |   2 |  193.5 |
       Dungeon |    387 |    378 |      9 |    245 |     58 |   2 |  193.5 |
               +--------+--------+--------+--------+--------+-----+--------+

Top non-repeatable levels by time:
     D:4: 373 daAuts
     D:5: 14 daAuts
